 Dungeon Crawl Stone Soup version 0.28.0-53-g5a82cb258f (webtiles) character file.

Game seed: 10559173815428115864

22406 jiml777 the Geomancer (level 13, -4/79 HPs)
             Began as a Gargoyle Earth Elementalist on June 9, 2022.
             Was an Initiate of Gozag.
             Slain by an orc warrior
             ... wielding a +0 battleaxe
              (10 damage)
             ... on level 1 of the Orcish Mines.
             The game lasted 02:02:29 (16465 turns).

jiml777 the Geomancer (GrEE)                       Turns: 16465, Time: 02:02:30

Health: -4/79      AC: 17    Str: 14    XL:     13   Next: 0%
Magic:  10/25      EV: 14    Int: 31    God:    Gozag
Gold:   1387       SH:  0    Dex: 10    Spells: 14/29 levels left

rFire   + . .      SeeInvis .   D - +6 scimitar (flame)
rCold   . . .      Faith    .   (no shield)
rNeg    + . .      Spirit   .   G - +1 robe {rC+ rF+}
rPois   ∞          Reflect  .   g - +1 hat
rElec   +          Harm     .   E - +0 cloak
rCorr   +          Rampage  .   x - +0 pair of gloves of Unemn {Str+2 Int+4 Slay+2}
Will    .....                   F - +0 pair of boots
Stlth   ++........              H - amulet of regeneration
HPRegen 1.03/turn               r - ring of resist corrosion
MPRegen 0.19/turn               B - ring "Gomopu" {+Blink rC- rCorr Int+6 Slay+3}

@: no status effects
A: sickness immunity, AC +9, negative energy resistance 1, electricity
resistance, torment resistance 1, petrification resistance
a: Renounce Religion, Evoke Blink, Potion Petition, Call Merchant, Bribe Branch


You were on level 1 of the Orcish Mines.
You worshipped Gozag.
Gozag was most pleased with you.
You visited 4 branches of the dungeon, and saw 17 of its levels.

You collected 2738 gold pieces.
You spent 677 gold pieces at shops.
You paid 674 gold pieces to Gozag.

Inventory:

Hand Weapons
 j - a +1 short sword of venom
 n - a +0 hunting sling
 p - a +5 short sword of venom
 C - the +6 mace "Riago" {flame, Drain +Blink Will+}
   (You found it on level 5 of the Dungeon)

   It burns those it strikes, dealing additional fire damage.
   +Blink:    It lets you blink.
   Drain:     It drains your maximum health when unequipped.
   Will:      It increases your willpower.
 D - a +6 scimitar of flaming (weapon)
 M - a +3 hand axe of freezing
Missiles
 a - 5 curare-tipped darts
 c - 205 stones
 d - 10 javelins
 i - 176 arrows
 k - 167 bolts
 q - 57 poisoned darts
 s - 6 silver boomerangs
 t - 5 throwing nets
Armour
 g - a +1 hat (worn)
 h - a +2 pair of gloves
 x - the +0 pair of gloves of Unemn (worn) {Str+2 Int+4 Slay+2}
   (You bought it in a shop on level 9 of the Dungeon)

   Str:       It affects your strength (+2).
   Int:       It affects your intelligence (+4).
   Slay:      It affects your accuracy & damage with ranged weapons and melee
   (+2).
 y - an orb of energy
 A - a scarf of invisibility
 E - a +0 cloak (worn)
 F - a +0 pair of boots (worn)
 G - a +1 robe of resistance (worn)
 N - a +2 robe of the Archmagi
Magical Staves
 o - a staff of fire
Jewellery
 r - a ring of resist corrosion (left hand)
 B - the ring "Gomopu" (right hand) {+Blink rC- rCorr Int+6 Slay+3}
   (You found it on level 9 of the Dungeon)

   [ring of intelligence]

   Int:       It affects your intelligence (+6).
   Slay:      It affects your accuracy & damage with ranged weapons and melee
   (+3).
   rC:        It makes you vulnerable to cold.
   +Blink:    It lets you blink.
   rCorr:     It protects you from acid and corrosion.
 H - an amulet of regeneration (around neck)
 I - the ring "Oceit Zuuh" {Ice Str+2}
   (You found it on level 1 of the Lair of Beasts)

   [ring of ice]

   It enhances your ice magic.
   Str:       It affects your strength (+2).
   rF:        It makes you vulnerable to fire.
   rC:        It protects you from cold.
Wands
 e - a wand of flame (12)
 w - a wand of polymorph (18)
 L - a wand of charming (14)
Scrolls
 f - a scroll of magic mapping
 l - 3 scrolls of teleportation
Potions
 b - a potion of might
 m - a potion of mutation
 v - a potion of curing
 z - 4 potions of brilliance
 J - 4 potions of flight
 O - a potion of cancellation
Miscellaneous
 u - a condenser vane


   Skills:
 + Level 8.7 Fighting
 + Level 7.9(9.2) Short Blades
 - Level 7.4(9.0) Long Blades
 - Level 4.4 Armour
 - Level 6.6 Dodging
 - Level 4.3 Stealth
 * Level 8.8 Spellcasting
 + Level 2.6 Conjurations
 * Level 1.0 Necromancy
 * Level 0.8 Translocations
 + Level 0.7 Transmutations
 * Level 10.9 Earth Magic


You had 14 spell levels left.
You knew the following spells:

 Your Spells              Type           Power      Damage    Failure   Level
a - Sandblast             Erth           100%       2d20      1%          1
b - Passwall              Tmut/Erth      40%        N/A       1%          2
c - Stone Arrow           Conj/Erth      100%       3d13      1%          3
d - Blink                 Tloc           38%        N/A       4%          2
e - Petrify               Tmut/Erth      49%        N/A       3%          4
f - Vampiric Draining     Necr           20%        2d7       8%          3

Your spell library contained the following spells:

 Spells                   Type           Power      Damage    Failure   Level
 Animate Skeleton         Necr           40%        N/A       2%          1
 Pain                     Necr           80%        1d8       2%          1
 Manifold Assault         Tloc           19%        N/A       58%         5
 Storm Form               Tmut/Air       7%         N/A       100%        7


Dungeon Overview and Level Annotations

Branches:
Dungeon (12/15)            Temple (1/1) D:5            Lair (2/6) D:9
    Orc (2/2) D:9
  Swamp: Lair:2-4    Shoals: Lair:2-4     Snake: Lair:2-4    Spider: Lair:2-4
    Elf: Orc:2

Altars:
Ashenzari
Cheibriados
Dithmenos
Elyvilon
Fedhas
Gozag
Hepliaklqana
Kikubaaqudgha
Makhleb
Nemelex Xobeh
Okawaru
Qazlal
Ru
Sif Muna
Trog
Uskayaw
Vehumet
Wu Jian
Xom
Yredelemnul
Zin
The Shining One

Shops:
D:4 ?   D:6 :   D:9 [   D:10 ?

Annotations:
D:3 2 transporters, wingedge's ghost, amateur OpCj
Lair:1 2 transporters, Brotato's ghost, novice OpBr
Orc:2 Rupert


Innate Abilities, Weirdness & Mutations

You are immune to sickness and miasma.
Your stone body is resilient. (AC +9)
You are immune to poison.
You resist negative energy. (rN+)
You are resistant to electric shocks. (rElec)
You are resistant to unholy torment.
You are immune to petrification.


Message History

* * * LOW HITPOINT WARNING * * *
x2 The orc warrior barely misses you.
The orc completely misses you.
You hear some strange, mumbled words.
A magic dart appears from out of thin air!
The magic dart hits you.
* * * LOW HITPOINT WARNING * * *
You hear a shout! x3
The orc is no longer distracted by gold.
The orc priest is no longer distracted by gold.
The orc warrior barely misses you.
The orc warrior hits you but does no damage.
Something hits you.
* * * LOW HITPOINT WARNING * * *
The orc misses you. Something hits you but does no damage.
You climb upwards.
Reactivating autopickup.
There is a stone staircase leading down here.
You feel better.
The orc warrior hits you but does no damage.
The orc warrior hits you with a +0 battleaxe!
* * * LOW HITPOINT WARNING * * *
Something hits you but does no damage.
Deactivating autopickup; reactivate with Ctrl-A.
The orc misses you. Something hits you.
* * * LOW HITPOINT WARNING * * *
You feel better. The orc warrior barely misses you.
The orc warrior hits you with a +0 battleaxe.
* * * LOW HITPOINT WARNING * * *
The orc hits you with a +0 short sword!
* * * LOW HITPOINT WARNING * * *
You hear some strange, mumbled words.
A magic dart appears from out of thin air!
The magic dart hits you.
* * * LOW HITPOINT WARNING * * *
Something hits you but does no damage.
You fail to use your ability.
The orc warrior hits you but does no damage.
The orc warrior hits you with a +0 battleaxe!
You die...
Your body crumbles into a pile of gold.

####...........#...........#
##.#........................#
#..........#.............#.#.
####.#......................###
##.######................##...##
#...###.#....[...)..###.####.##
##...#.......)).....##...#####
##.###....#..oo{)....#..#..##
#............{@<............#
##.........#..).o........#..####
#............................#.#
#................#..............
##..................#.#........#
##.#.............#....###.#....#
##...#....##..>#.###.....^.....##
#...####.##...#####...........##
##.## #####.## #...#....#.##


You could see 2 orc warriors and an orc (strong).

Vanquished Creatures
  Josephine (D:11)
  3 hydras
  Erica (D:8)
  2 two-headed ogres (D:9)
  The ghost of Malificent the Geomancer, a journeyman GrEE of Sif Muna (D:9)
  Sonja (D:11)
  An orc knight (Orc:2)
  An ugly thing (D:8)
  A cyclops (D:11)
  A black mamba (D:9)
  Joseph (D:9)
  A cane toad (D:9)
  3 komodo dragons
  2 trolls (D:11)
  Prince Ribbit (D:8)
  Sigmund (D:2)
  A shadow (D:11)
  8 wraiths
  20 yaks
  A vampire (D:9)
  A wyvern (D:7)
  Grum (D:11)
  4 vampire mosquitoes (D:11)
  Menkaure (D:7)
  7 water moccasins
  An acid dragon (D:9)
  11 orc warriors
  3 ice beasts
  2 sky beasts
  2 necrophages (D:5)
  2 black bears
  2 hornet zombies
  4 ogres
  3 wolves (D:11)
  4 centaurs
  3 phantoms
  6 kobold brigands
  3 scorpions
  5 bullfrogs
  2 gnoll sergeants
  A wyvern zombie (D:8)
  13 killer bees
  4 wights (D:7)
  5 howler monkeys
  4 centaur zombies
  2 bullfrog zombies (D:6)
  4 hounds
  3 bullfrog skeletons
  Crazy Yiuf (D:5)
  4 gnoll shamans
  7 orc priests
  2 centaur skeletons
  10 orc wizards
  An iguana (D:5)
  A hound skeleton (D:5)
  2 mummies
  29 gnolls
  A howler monkey skeleton (D:5)
  8 adders
  2 shadow imps (D:7)
  4 white imps
  2 ufetubi (D:5)
  5 worms
  6 dart slugs
  55 orcs
  7 bats
  7 endoplasms
  9 giant cockroaches
  4 goblins
  12 hobgoblins
  8 quokkas
  9 ball pythons
  4 frilled lizards
  23 kobolds
  5 rats
383 creatures vanquished.

Vanquished Creatures (collateral kills)
  A gargoyle (D:11)
  A wyvern zombie (D:8)
2 creatures vanquished.

Vanquished Creatures (others)
  An orc priest (D:9)
  2 orc wizards
  A bush (D:7)
  17 fungi (D:9)
  28 plants
49 creatures vanquished.

Grand Total: 434 creatures vanquished

Notes
Turn   | Place    | Note
-------+----------+-------------------------------------------
     0 | D:1      | jiml777 the Gargoyle Earth Elementalist began the quest for
                  | the Orb.
     0 | D:1      | Reached XP level 1. HP: 10/10 MP: 3/3
    48 | D:1      | Reached skill level 4 in Earth Magic
    48 | D:1      | Reached XP level 2. HP: 15/15 MP: 0/5
   719 | D:1      | Reached XP level 3. HP: 14/19 MP: 3/6
  1858 | D:2      | Found a faded altar of an unknown god.
  1965 | D:2      | Reached XP level 4. HP: 24/24 MP: 8/8
  2229 | D:2      | Noticed Sigmund
  2230 | D:2      | Reached skill level 5 in Earth Magic
  2305 | D:2      | Reached XP level 5. HP: 28/28 MP: 6/9
  2383 | D:2      | Killed Sigmund
  2384 | D:2      | Reached skill level 1 in Fighting
  2384 | D:2      | Reached XP level 6. HP: 32/34 MP: 6/11
  2873 | D:3      | Found a transporter.
  2874 | D:3      | Noticed wingedge's ghost (amateur OpCj)
  2875 | D:3      | Found a transporter.
  2875 | D:3      | Identified the +1 great mace "Diudeh" {drain, Will++ Int+3
                  | Stlth-}
  3337 | D:3      | Identified the -2 helmet of Ekhlas {rElec Dex+4}
  3749 | D:4      | Reached skill level 1 in Short Blades
  3922 | D:4      | Found Osifa's Magic Scroll Emporium.
  3941 | D:4      | Reached skill level 1 in Armour
  4035 | D:4      | Reached XP level 7. HP: 38/38 MP: 11/13
  4040 | D:4      | Bought a scroll of identify for 24 gold pieces
  4041 | D:4      | Bought a scroll of identify for 24 gold pieces
  4276 | D:4      | Reached skill level 6 in Earth Magic
  4291 | D:4      | Learned a level 2 spell: Passwall
  4295 | D:4      | Learned a level 3 spell: Stone Arrow
  4926 | D:5      | Entered Level 5 of the Dungeon
  5167 | D:5      | Found a burning altar of Makhleb.
  5224 | D:5      | Reached XP level 8. HP: 43/44 MP: 6/15
  5548 | D:5      | Found a staircase to the Ecumenical Temple.
  5914 | D:5      | Reached skill level 5 in Spellcasting
  6199 | D:5      | Found a runed translucent door.
  6200 | D:5      | Noticed Crazy Yiuf
  6201 | D:5      | Identified the +6 mace "Riago" {flame, Drain +Blink Will+}
  6208 | D:5      | Killed Crazy Yiuf
  6429 | D:5      | Reached skill level 7 in Earth Magic
  6914 | D:6      | Reached XP level 9. HP: 51/51 MP: 10/17
  7257 | D:6      | Reached skill level 5 in Short Blades
  8281 | D:6      | Found Dilyg's Book Emporium.
  8548 | Temple   | Entered the Ecumenical Temple
  8626 | Temple   | Became a worshipper of Gozag Ym Sagoz the Greedy
  9086 | D:7      | Reached XP level 10. HP: 58/58 MP: 19/19
  9217 | D:7      | Found a basalt altar of Yredelemnul.
  9219 | D:7      | Noticed Menkaure
  9221 | D:7      | Found an ancient bone altar of Kikubaaqudgha.
  9224 | D:7      | Found a transporter.
  9239 | D:7      | Found a transporter.
  9375 | D:7      | Killed Menkaure
  9376 | D:7      | Reached skill level 5 in Fighting
 10265 | D:8      | Found a snail-covered altar of Cheibriados.
 10283 | D:8      | Noticed Prince Ribbit
 10293 | D:8      | Killed Prince Ribbit
 10294 | D:8      | Reached skill level 8 in Earth Magic
 10368 | D:8      | Noticed Erica
 10379 | D:8      | Killed Erica
 10450 | D:8      | Noticed a white ugly thing
 10458 | D:8      | Killed a white ugly thing
 10459 | D:8      | Reached skill level 5 in Dodging
 10568 | D:8      | Noticed a five-headed hydra
 10591 | D:8      | Killed a one-headed hydra
 10592 | D:8      | Reached skill level 1 in Conjurations
 10592 | D:8      | Reached XP level 11. HP: 48/64 MP: 19/21
 11354 | D:9      | Noticed Malificent's ghost (journeyman GrEE)
 11354 | D:9      | Noticed a six-headed hydra
 11355 | D:9      | Noticed a two-headed ogre
 11371 | D:9      | Reached skill level 1 in Long Blades
 11386 | D:9      | Noticed Joseph
 11406 | D:9      | Killed Joseph
 11503 | D:9      | Found a runed translucent gate.
 11506 | D:9      | You fall into a shaft and drop 2 floors!
 11548 | D:11     | Noticed a four-headed hydra
 11557 | D:11     | Killed a one-headed hydra
 11661 | D:11     | Noticed a cyclops
 11666 | D:11     | Killed a cyclops
 11764 | D:11     | Noticed Grum
 11808 | D:11     | Killed Grum
 11824 | D:11     | Reached skill level 9 in Earth Magic
 11882 | D:11     | Noticed Sonja
 11929 | D:11     | Killed Sonja
 12103 | D:11     | Noticed Josephine
 12256 | D:11     | Killed Josephine
 12496 | D:10     | Entered Level 10 of the Dungeon
 12632 | D:10     | Reached XP level 12. HP: 50/72 MP: 23/23
 12659 | D:10     | Found Xebon's Magic Scroll Shoppe.
 12666 | D:10     | Bought a scroll of enchant armour for 82 gold pieces
 12666 | D:10     | Bought a scroll of identify for 22 gold pieces
 12999 | D:9      | Found a white marble altar of Elyvilon.
 12999 | D:9      | Found an iron altar of Okawaru.
 13013 | D:9      | Found a hazy altar of Hepliaklqana.
 13034 | D:9      | Found an ornate altar of the Wu Jian Council.
 13123 | D:9      | Reached skill level 5 in Long Blades
 13286 | D:9      | Found a staircase to the Lair.
 13302 | Lair:1   | Entered Level 1 of the Lair of Beasts
 13393 | D:9      | Noticed a two-headed ogre
 13401 | D:9      | Killed a two-headed ogre
 13498 | D:9      | Bought a pair of ancient gloves for 285 gold pieces
 13498 | D:9      | Identified the +0 pair of gloves of Unemn {Str+2 Int+4
                  | Slay+2} (You bought it in a shop on level 9 of the Dungeon)
 13508 | D:9      | Bought a glowing scarf for 240 gold pieces
 13564 | D:9      | Reached skill level 10 in Earth Magic
 13620 | D:9      | Found a runed translucent gate.
 13620 | D:9      | Found a runed translucent gate.
 13824 | D:9      | Found a staircase to the Orcish Mines.
 13842 | D:9      | Found a shimmering blue altar of Sif Muna.
 14340 | D:9      | Killed a one-headed hydra
 14369 | D:9      | Killed Malificent's ghost
 14415 | D:9      | Killed a two-headed ogre
 14586 | D:9      | Identified the ring "Gomopu" {+Blink rC- rCorr Int+6
                  | Slay+3}
 15610 | Lair:1   | Learned a level 2 spell: Blink
 15615 | Lair:1   | Learned a level 4 spell: Petrify
 15619 | Lair:1   | Learned a level 3 spell: Vampiric Draining
 15657 | Lair:1   | Found a transporter.
 15663 | Lair:1   | Found a bloodstained altar of Trog.
 15664 | Lair:1   | Found a transporter.
 15674 | Lair:1   | Noticed Brotato's ghost (novice OpBr)
 15677 | Lair:1   | Identified the ring "Oceit Zuuh" {Ice Str+2}
 16048 | Lair:2   | Noticed a death yak
 16048 | Lair:2   | Noticed a death yak
 16048 | Lair:2   | Noticed a death yak
 16241 | Orc:1    | Entered Level 1 of the Orcish Mines
 16442 | Orc:2    | Entered Level 2 of the Orcish Mines
 16451 | Orc:2    | Noticed Rupert
 16459 | Orc:2    | Reached skill level 1 in Necromancy
 16459 | Orc:2    | Reached XP level 13. HP: 37/79 MP: 9/25
 16465 | Orc:1    | Slain by an orc warrior

Illustrated notes

Levels and vault maps discovered:
D:1:      dpeg_arrival_more_subterranean_lakeside_camping, layout_basic,
          minmay_close_crescents
D:2:      layout_loops_ring, shapermc_ecumenical_altar_ellora, uniq_sigmund
D:3:      layout_basic, gammafunk_ghost_smash
D:4:      layout_gridville, kennysheep_windowed_goal
D:5:      layout_rooms, mainiacjoe_overflow_tiny_flanked,
          minmay_temple_entry_from_below_a, uniq_eustachio,
          uniq_crazy_yiuf_cottage
D:6:      kennysheep_housing_project, layout_rooms, serial_shops, shop,
          kennysheep_big_empty_room
D:7:      layout_rooms, gammafunk_temple_of_torment, supply_closet_lemuel,
          minmay_hedge_maze, kb_lookout_dungeons_type
D:8:      kennysheep_blocky_room, layout_loops_corners, slow_altar_1,
          uniq_erica, uniq_prince_ribbit1
D:9:      layout_basic, kennysheep_orc_sif_temple, grunt_temple_overflow_open,
          grunt_lair_entry_orc_guard_hut, orc_0_dummy, special_room
          [special_room_orc], gammafunk_ghost_split, uniq_joseph
D:10:     layout_loops_cross, serial_shops, shop
D:11:     layout_big_octagon, kennysheep_generic_room_13, uniq_grum, uniq_sonja,
          uniq_josephine
D:12:     layout_cave_pools, chequers_serial_rivers_micro_e, uniq_kirke
Temple:   dshaligram_water_room_temple
Lair:1:   layout_cave_shapes, gammafunk_ghost_wrathful_warriors
Lair:2:   layout_cave_pods, lemuel_fruit_fields
Orc:1:    layout_caves
Orc:2:    grunt_orc_cross, layout_diamond_mine, uniq_rupert, uniq_maurice

Skill      XL: |  1  2  3  4  5  6  7  8  9 10 11 12 |
---------------+-------------------------------------+-----
Earth Magic    | 4 5 6 7 8 9 10 | 10.9
Spellcasting   | 3 4 5 6 7 8 |  8.8
Dodging        | 2 3 4 5 6 |  6.6
Fighting       | 1 3 4 6 7 8 |  8.7
Stealth        | 3 4 |  4.3
Short Blades   | 1 3 4 6 7 |  7.9
Armour         | 1 2 3 4 |  4.4
Conjurations   | 1 2 |  2.6
Long Blades    | 4 7 |  7.4
Necromancy     | 1 |  1.0
Translocations | |  0.8
Transmutations | |  0.7

Action                   |  1- 3 |  4- 6 |  7- 9 | 10-12 | 13-15 || total
-------------------------+-------+-------+-------+-------+-------++-------
Melee: Short sword       |    68 |    54 |   514 |   284 |       ||   920
       Punch             |     1 |     1 |    11 |    18 |       ||    31
       Scimitar          |       |       |       |   657 |       ||   657
 Cast: Sandblast         |    38 |    40 |    43 |    32 |       ||   153
       Stone Arrow       |       |       |     5 |    65 |       ||    70
Invok: Call Merchant     |       |       |       |     1 |       ||     1
  Use: Scroll            |       |       |     6 |    22 |       ||    28
       Potion            |       |       |       |    12 |     2 ||    14
 Stab: Sleeping          |     4 |     3 |     1 |     2 |       ||    10
       Distracted        |       |       |     1 |     4 |       ||     5
Armor: Robe              |    20 |     1 |       |   420 |     6 ||   447
       Leather armour    |       |    23 |   225 |    88 |       ||   336
Dodge: Dodged            |    56 |    16 |   321 |   750 |     8 ||  1151
